 Dungeon Crawl Stone Soup version 0.26.1-10-gdfb7c7de75 (webtiles) character file.

Game seed: 1389367147669276746

63208 raph the Transmogrifier (level 14, -7/111 (116) HPs)
             Began as a Green Draconian Transmuter on Mar 30, 2021.
             Was the Champion of Makhleb.
             Mangled by an orc knight
             ... wielding a +0 war axe
              (15 damage)
             ... on level 2 of the Orcish Mines on Mar 31, 2021.
             The game lasted 01:00:08 (26372 turns).

raph the Transmogrifier (DrTm)                     Turns: 26372, Time: 01:00:09

HP:   -7/111 (116)  AC: 18    Str: 18    XL:     14   Next: 67%
MP:   19/25         EV: 16    Int: 16    God:    Makhleb [******]
Gold: 1135          SH:  0    Dex: 14    Spells: 1/27 levels left

rFire    . . .     SeeInvis .     - Unarmed
rCold    . . .     Faith    .   (shield currently unavailable)
rNeg     . . .     Spirit   .   (armour unavailable)
rPois    +         Reflect  .   F - +2 hat
rElec    +         Harm     .   m - +2 cloak {rCorr}
rCorr    +         Rampage  .   (gloves currently unavailable)
Will     +....                  L - +0 pair of boots
Stlth    +.........             y - amulet of Niuniusu {rElec rPois Regen+ Str+5 Slay+2}
HPRegen  0.68/turn              q - +4 ring of protection
MPRegen  0.19/turn              d - ring of wizardry

@: blade hands, wereblooded, studying Shields, lightly drained
A: breathe noxious fumes, unfitting armour, stinger 1, poison resistance,
cold-blooded, AC +8
a: Breathe Noxious Fumes, End Transformation, Renounce Religion, Minor
Destruction, Lesser Servant of Makhleb, Major Destruction, Greater Servant of
Makhleb


You were on level 2 of the Orcish Mines.
You worshipped Makhleb.
Makhleb was exalted by your worship.
You had blades for hands.
You visited 4 branches of the dungeon, and saw 21 of its levels.

You collected 1965 gold pieces.
You spent 830 gold pieces at shops.

Inventory:

Hand Weapons
 a - the +6 hunting sling "Vyceckam" (melded) {vorpal, rElec}
   (You found it on level 5 of the Dungeon)

   Any stone fired from it inflicts extra damage.
   It insulates you from electricity.
Missiles
 I - 89 sling bullets
Armour
 e - a +3 buckler (melded)
 m - a +2 cloak of preservation (worn)
 F - a +2 hat (worn)
 L - a +0 pair of boots (worn)
Magical Staves
 b - an uncursed staff of conjuration
 A - an uncursed staff of earth
 R - an uncursed staff of fire
Jewellery
 d - a ring of wizardry (right scythe-like blade)
 f - a +6 ring of dexterity
 q - a +4 ring of protection (left scythe-like blade)
 s - an uncursed amulet of guardian spirit
 t - a +4 ring of evasion
 y - the amulet of Niuniusu (around neck) {rElec rPois Regen+ Str+5 Slay+2}
   (You found it on level 7 of the Dungeon)

   [amulet of regeneration]

   It affects your strength (+5).
   It affects your accuracy and damage with ranged weapons and melee attacks
   (+2).
   It insulates you from electricity.
   It protects you from poison.
   It increases your rate of regeneration.
 J - an uncursed ring of resist corrosion
 Q - an uncursed ring of flight
 U - an uncursed ring of teleportation
Wands
 i - a wand of paralysis (12)
 j - a wand of acid (10)
 n - a wand of iceblast (16)
 B - a wand of enslavement (14)
 D - a wand of flame (43)
 T - a wand of polymorph (7)
 V - a wand of random effects (16)
Scrolls
 k - 4 scrolls of amnesia
 o - 14 scrolls of identify
 r - 3 scrolls of remove curse
 C - a scroll of brand weapon
 E - a scroll of fog
 G - 3 scrolls of teleportation
 O - 2 scrolls of fear
 S - a scroll of blinking
Potions
 c - 10 potions of curing
 g - 2 potions of mutation
 h - 7 potions of lignification
 l - 3 potions of attraction
 p - a potion of haste
 u - 4 potions of resistance
 v - 4 potions of berserk rage
 x - a potion of magic
 z - 5 potions of brilliance
 H - 3 potions of heal wounds
 M - 3 potions of cancellation
 N - 3 potions of might
Books
 w - a manual of Shields
Miscellaneous
 K - a phial of floods
 P - a phantom mirror


   Skills:
 + Level 8.3 Fighting
 + Level 6.2 Slings
 - Level 6.3 Dodging
 - Level 4.0 Shields
 + Level 12.0 Unarmed Combat
 - Level 7.4 Spellcasting
 * Level 3.3 Conjurations
 - Level 2.8 Summonings
 - Level 13.6 Transmutations
 * Level 3.1 Fire Magic
 - Level 7.8 Poison Magic
 - Level 8.6 Invocations
 - Level 4.4 Evocations


You had one spell level left.
You knew the following spells:

 Your Spells              Type           Power        Failure   Level
a - Beastly Appendage     Tmut           98%          2%          1
b - Wereblood             Tmut           49%          2%          2
c - Blade Hands           Tmut           24%          7%          5
d - Summon Small Mammal   Summ           56%          12%         1
e - Blink                 Tloc           N/A          30%         2
f - Mephitic Cloud        Conj/Pois/Air  17%          17%         3
g - Alistair's Intoxicat  Tmut/Pois      26%          12%         5
h - Animate Skeleton      Necr           10%          22%         1
i - Apportation           Tloc           10%          22%         1
j - Fireball              Conj/Fire      8%           65%         5

Your spell library contained the following spells:

 Spells                   Type           Power        Failure   Level
 Foxfire                  Conj/Fire      64%          11%         1
 Magic Dart               Conj           64%          11%         1
 Corona                   Hex            5%           22%         1
 Spider Form              Tmut/Pois      20%          4%          3
 Poisonous Vapours        Pois/Air       36%          12%         2
 Call Imp                 Summ           14%          14%         2
 Ice Form                 Ice/Tmut       27%          16%         4
 Call Canine Familiar     Summ           14%          21%         3
 Conjure Flame            Conj/Fire      16%          21%         3
 Slow                     Hex            5%           30%         2
 Inner Flame              Hex/Fire       11%          30%         3
 Summon Guardian Golem    Hex/Summ       10%          32%         3
 Yara's Violent Unravell  Hex/Tmut       13%          32%         5
 Sticky Flame             Conj/Fire      16%          38%         4
 Lesser Beckoning         Tloc           2%           43%         3
 Tukima's Dance           Hex            5%           43%         3
 Summon Ice Beast         Ice/Summ       10%          58%         4
 Summon Lightning Spire   Summ/Air       10%          58%         4
 Cause Fear               Hex            2%           73%         4
 Silence                  Hex/Air        2%           94%         5
 Freezing Cloud           Conj/Ice/Air   4%           100%        6
 Invisibility             Hex            5%           100%        6
 Discord                  Hex            2%           100%        8


Dungeon Overview and Level Annotations

Branches:
Dungeon (12/15)            Temple (1/1) D:4            Lair (6/6) D:11
 Shoals (0/4) Lair:4       Spider (0/4) Lair:4        Slime (0/5) Lair:6
    Orc (2/2) D:12            Elf (0/3) Orc:2

Altars:
Ashenzari
Cheibriados
Dithmenos
Elyvilon
Fedhas
Gozag
Hepliaklqana
Kikubaaqudgha
Makhleb
Nemelex Xobeh
Okawaru
Qazlal
Ru
Sif Muna
Trog
Uskayaw
Vehumet
Wu Jian
Xom
Yredelemnul
Zin
The Shining One
Beogh
Jiyva

Shops:
D:6 !   D:7 *   D:11 ===*:

Annotations:
D:6 exclusion: statue
Lair:3 exclusion: 4 oklob plants
Lair:6 3 runed translucent doors


Innate Abilities, Weirdness & Mutations

You can breathe blasts of noxious fumes.
Your lurid green scales are hard. (AC +8)
You cannot fit into any form of body armour.
Your tail ends in a poisonous barb.
Your system is resistant to poisons. (rPois)
You are cold-blooded and may be slowed by cold attacks.


Message History

You feel drained.
The orc knight hits you with a +0 war axe!!
* * * LOW HITPOINT WARNING * * *
Casting: Wereblood (safe; 1% risk of failure)
Confirm with . or Enter, or press ? or * to list all spells.
Your hands turn into razor-sharp scythe blades.
The +6 hunting sling "Vyceckam" {vorpal, rElec} melds into your body.
Your +3 buckler melds into your body.
The sixfirhy hits you but does no damage.
The sixfirhy barely misses you. The sixfirhy hits you!
* * * LOW HITPOINT WARNING * * *
The sixfirhy shocks you. You resist.
* * * LOW HITPOINT WARNING * * *
The sixfirhy hits you.
* * * LOW HITPOINT WARNING * * *
The sixfirhy shocks you. You resist.
* * * LOW HITPOINT WARNING * * *
The orc knight misses you.
The orc knight hits you with a +0 war axe!
You die... ##### ###...## ##......## ... #..÷.....## ...... #..÷..##)o..# ...... #.... ##oo.##...... .o.÷ #3oo.#...$.. o÷o

##@).....^.. ..
#.)........ o
#))........
#..........
###..).($....
#.......$....
##........_..
###)(.(......
####....(.......


You could see 2 orc knights, a sixfirhy (summoned), 2 orc sorcerers and an orc
warrior (strong).

Vanquished Creatures
  Harold (D:7)
  2 boulder beetles
  7 hydras
  5 two-headed ogres
  4 death yaks (Lair:1)
  Urug (D:12)
  An orc high priest (Orc:2)
  Nergalle (D:12)
  4 skeletal warriors (D:10)
  An unseen horror (D:11)
  2 lindwurms
  2 orc knights
  3 ugly things
  A wolf spider (Lair:4)
  2 orc sorcerers (Orc:1)
  A cyclops (Orc:2)
  A manticore (D:9)
  Joseph (D:8)
  9 black mambas
  A gargoyle (D:10)
  2 torpor snails
  6 molten gargoyles
  Maggie (D:9)
  13 cane toads
  4 rime drakes
  2 ice devils (Lair:4)
  5 komodo dragons
  A polar bear (Lair:6)
  6 trolls
  Prince Ribbit (D:5)
  15 blink frogs
  2 redbacks (Lair:4)
  A wraith (D:12)
  56 yaks
  5 wyverns
  8 basilisks
  Grum (D:9)
  2 steam dragons (Lair:6)
  4 wargs
  A soldier ant (D:12)
  4 hell hounds (Lair:6)
  13 water moccasins
  18 orc warriors
  A black bear (Lair:3)
  7 ice beasts
  8 sky beasts
  4 phantoms
  12 wolves
  8 ogres
  5 centaurs
  8 big kobolds
  12 bullfrogs
  4 gnoll sergeants
  4 scorpions
  6 killer bees
  4 wights (D:9)
  2 howler monkeys
  A centaur zombie (D:9)
  2 jellies
  5 lava snakes (Lair:6)
  2 quasits
  2 bullfrog zombies
  10 orc wizards
  Crazy Yiuf (D:7)
  3 hounds
  8 orc priests
  3 bullfrog skeletons
  2 centaur skeletons
  2 iguanas
  12 worker ants
  4 hound skeletons
  Robin (D:2)
  12 adders
  15 gnolls
  A shadow imp (D:9)
  5 white imps
  2 ufetubi
  4 oozes
  4 worms
  A dart slug (D:1)
  7 leopard geckos
  65 orcs
  3 giant cockroaches
  10 goblins
  9 hobgoblins
  10 jackals
  7 quokkas
  6 bats
  7 frilled lizards
  28 kobolds
  3 quokka skeletons
  4 rats
567 creatures vanquished.

Vanquished Creatures (collateral kills)
  4 hydras
  A basilisk (Lair:3)
  2 orcs (D:12)
7 creatures vanquished.

Vanquished Creatures (others)
  A molten gargoyle (D:12)
  34 fungi
  17 plants
52 creatures vanquished.

Grand Total: 626 creatures vanquished

Notes
Turn   | Place    | Note
-------+----------+-------------------------------------------
     0 | D:1      | raph the Draconian Transmuter began the quest for the Orb.
     0 | D:1      | Reached XP level 1. HP: 16/16 MP: 3/3
   318 | D:1      | Reached XP level 2. HP: 23/23 MP: 3/5
  1029 | D:1      | Reached XP level 3. HP: 26/28 MP: 4/6
  1434 | D:1      | Learned a level 2 spell: Wereblood
  1808 | D:2      | Reached skill level 3 in Transmutations
  2279 | D:2      | Noticed Robin
  2286 | D:2      | Reached XP level 4. HP: 36/36 MP: 3/7
  2289 | D:2      | Killed Robin
  3181 | D:4      | Reached XP level 5. HP: 42/42 MP: 6/8
  3187 | D:4      | Learned a level 5 spell: Blade Hands
  3320 | D:4      | Found a staircase to the Ecumenical Temple.
  3334 | Temple   | Entered the Ecumenical Temple
  3571 | Temple   | Became a worshipper of Makhleb the Destroyer
  3623 | D:4      | Reached skill level 4 in Transmutations
  3930 | D:4      | Noticed an ogre
  3988 | D:3      | Reached skill level 5 in Transmutations
  3988 | D:3      | Reached XP level 6. HP: 18/49 MP: 4/9
  4179 | D:3      | Learned a level 1 spell: Summon Small Mammal
  4483 | D:4      | Reached skill level 6 in Transmutations
  4510 | D:4      | Your scales start taking on a lurid green colour.
  4510 | D:4      | Reached XP level 7. HP: 36/56 MP: 5/10
  4510 | D:4      | Gained mutation: Your system is resistant to poisons.
                  | (rPois) [Green Draconian growth]
  4674 | D:4      | Found a stormy altar of Qazlal.
  4675 | D:4      | Found a glowing golden altar of the Shining One.
  4683 | D:4      | Reached skill level 7 in Transmutations
  4860 | D:4      | Reached * piety under Makhleb
  4925 | D:5      | Entered Level 5 of the Dungeon
  4926 | D:5      | Noticed Prince Ribbit
  4927 | D:5      | Found a blossoming altar of Fedhas.
  5541 | D:5      | Reached skill level 8 in Transmutations
  6045 | D:6      | Reached XP level 8. HP: 40/62 MP: 3/11
  6432 | D:6      | Reached skill level 9 in Transmutations
  6593 | D:6      | Found a radiant altar of Vehumet.
  6674 | D:6      | Noticed a brown ugly thing
  6693 | D:6      | Killed a brown ugly thing
  6874 | D:6      | Learned a level 2 spell: Blink
  6938 | D:6      | Reached skill level 5 in Unarmed Combat
  6987 | D:6      | Reached skill level 10 in Transmutations
  6987 | D:6      | Reached XP level 9. HP: 63/70 MP: 7/12
  7042 | D:6      | Found Gonitics's Distillery.
  7050 | D:6      | Bought a potion of haste for 100 gold pieces
  7050 | D:6      | Bought a potion of heal wounds for 50 gold pieces
  7050 | D:6      | Bought a potion of attraction for 30 gold pieces
  7050 | D:6      | Bought a potion of brilliance for 40 gold pieces
  7441 | D:7      | Reached ** piety under Makhleb
  7516 | D:7      | Got a sparkling emerald amulet
  7522 | D:7      | Identified the amulet of Niuniusu {rElec rPois Regen+ Str+5
                  | Slay+2} (You found it on level 7 of the Dungeon)
  7696 | D:7      | Found Lixesche's General Store.
  7703 | D:7      | Bought a potion of heal wounds for 70 gold pieces
  7871 | D:7      | Found a runed translucent door.
  7872 | D:7      | Noticed Crazy Yiuf
  7878 | D:7      | Killed Crazy Yiuf
  8055 | D:7      | Noticed Harold
  8068 | D:7      | Killed Harold
  8571 | D:8      | Reached skill level 5 in Fighting
  8660 | D:8      | You fall into a shaft and drop 3 floors!
  8660 | D:11     | Noticed a troll
  8667 | D:10     | Entered Level 10 of the Dungeon
  8731 | D:9      | Noticed Grum
  8747 | D:9      | Killed Grum
  8751 | D:9      | Reached skill level 11 in Transmutations
  8751 | D:9      | Reached XP level 10. HP: 19/81 MP: 7/13
  9226 | D:9      | Noticed a two-headed ogre
  9234 | D:9      | Killed a two-headed ogre
  9294 | D:9      | Noticed a manticore
  9316 | D:9      | Reached *** piety under Makhleb
  9328 | D:9      | Noticed a boulder beetle
  9375 | D:9      | Noticed Maggie
  9541 | D:8      | Noticed Joseph
  9553 | D:8      | Killed Joseph
  9554 | D:8      | Reached skill level 5 in Dodging
 10200 | D:8      | Found a shimmering blue altar of Sif Muna.
 10336 | D:9      | Reached skill level 1 in Invocations
 10596 | D:9      | Noticed an orange demon
 10802 | D:10     | Upgraded the game from 0.26.1-2-gb8aa6d0cf2 to
                  | 0.26.1-10-gdfb7c7de75
 10978 | D:10     | Reached XP level 11. HP: 59/91 MP: 8/14
 11014 | D:10     | Learned a level 3 spell: Mephitic Cloud
 11099 | D:10     | Noticed a skeletal warrior
 11101 | D:10     | Noticed a skeletal warrior
 11101 | D:10     | Noticed a skeletal warrior
 11133 | D:10     | Killed a skeletal warrior
 11133 | D:10     | Reached **** piety under Makhleb
 11134 | D:10     | Reached skill level 12 in Transmutations
 11148 | D:10     | Killed a skeletal warrior
 11154 | D:10     | Killed a skeletal warrior
 11155 | D:10     | Reached skill level 1 in Summonings
 11265 | D:10     | Noticed a skeletal warrior
 11280 | D:10     | Killed a skeletal warrior
 11704 | D:9      | Killed a boulder beetle
 12044 | D:9      | Killed Maggie
 12542 | D:5      | Killed Prince Ribbit
 12849 | D:5      | Got a warped hunting sling
 12850 | D:5      | Identified the +6 hunting sling "Vyceckam" {vorpal, rElec}
                  | (You found it on level 5 of the Dungeon)
 13476 | D:10     | Reached skill level 1 in Shields
 13708 | D:10     | Reached ***** piety under Makhleb
 13877 | D:11     | Found Zamorch's Jewellery Shop.
 13877 | D:11     | Found Wivveos's Assorted Antiques.
 13893 | D:11     | Killed an unseen horror
 13894 | D:11     | Reached skill level 10 in Unarmed Combat
 13894 | D:11     | Reached skill level 1 in Poison Magic
 14151 | D:11     | Noticed a two-headed ogre
 14158 | D:11     | Killed a two-headed ogre
 14196 | D:11     | Found a staircase to the Lair.
 14399 | D:11     | Found Laokaov's Jewellery Shoppe.
 14411 | D:11     | Noticed a two-headed ogre
 14416 | D:11     | Killed a two-headed ogre
 14417 | D:11     | Reached XP level 12. HP: 100/100 MP: 12/18
 14733 | D:11     | Found Cobokeso's Jewellery Emporium.
 14859 | D:11     | Found Zusmotir's Book Shop.
 15040 | Lair:1   | Entered Level 1 of the Lair of Beasts
 15216 | Lair:1   | Reached skill level 1 in Slings
 15354 | Lair:1   | Learned a level 5 spell: Yara's Violent Unravelling
 15382 | Lair:1   | Learned a level 5 spell: Alistair's Intoxication
 15395 | Lair:1   | Reached skill level 5 in Invocations
 15503 | Lair:1   | Noticed a death yak
 15503 | Lair:1   | Noticed a death yak
 15503 | Lair:1   | Noticed a death yak
 15503 | Lair:1   | Noticed a death yak
 15560 | Lair:1   | Killed a death yak
 15564 | Lair:1   | Killed a death yak
 15565 | Lair:1   | Killed a death yak
 15566 | Lair:1   | Reached skill level 5 in Spellcasting
 15571 | Lair:1   | Killed a death yak
 15589 | Lair:1   | Learned a level 1 spell: Animate Skeleton
 15629 | Lair:1   | Noticed an eight-headed hydra
 15649 | Lair:1   | Killed an eight-headed hydra
 16474 | Lair:2   | Noticed a six-headed hydra
 16494 | Lair:2   | Killed a six-headed hydra
 16546 | Lair:2   | Noticed a five-headed hydra
 16556 | Lair:2   | Killed a five-headed hydra
 16557 | Lair:2   | Reached skill level 5 in Poison Magic
 17074 | Lair:2   | Noticed a boulder beetle
 17089 | Lair:2   | Killed a boulder beetle
 17090 | Lair:2   | Reached skill level 13 in Transmutations
 17090 | Lair:2   | Reached XP level 13. HP: 105/105 MP: 14/21
 18469 | Lair:3   | Learned a level 1 spell: Apportation
 18927 | Lair:4   | Reached skill level 1 in Evocations
 19369 | Lair:4   | Found a staircase to the Shoals.
 19456 | Lair:4   | Found a hole to the Spider Nest.
 20271 | Lair:5   | You fall into a shaft and drop 1 floor!
 20271 | Lair:6   | Entered Level 6 of the Lair of Beasts
 20458 | Lair:6   | Found a runed translucent door.
 20459 | Lair:6   | Found a viscous altar of Jiyva.
 20460 | Lair:6   | Noticed an acid blob
 20461 | Lair:6   | Found a staircase to the Slime Pits.
 20578 | Lair:6   | Reached skill level 5 in Slings
 20903 | Lair:6   | Gained mutation: Your tail ends in a poisonous barb. [Green
                  | Draconian growth]
 20903 | Lair:6   | Reached XP level 14. HP: 93/113 MP: 19/24
 21338 | Lair:6   | Found a large runed translucent door.
 21339 | Lair:6   | Found a large runed translucent door.
 23006 | D:11     | Bought a book of Flames for 490 gold pieces
 23012 | D:11     | Learned a level 5 spell: Fireball
 23353 | D:12     | Noticed Urug
 23368 | D:12     | Killed Urug
 23369 | D:12     | Reached skill level 1 in Conjurations
 23369 | D:12     | Reached skill level 1 in Fire Magic
 23498 | D:12     | Found a staircase to the Orcish Mines.
 23782 | D:12     | Noticed Nergalle
 23792 | D:12     | Killed Nergalle
 23897 | D:12     | Reached ****** piety under Makhleb
 24528 | Orc:1    | Entered Level 1 of the Orcish Mines
 24858 | D:6      | Bought a potion of heal wounds for 50 gold pieces
 25515 | Orc:2    | Entered Level 2 of the Orcish Mines
 25550 | Orc:2    | Found a staircase to the Elven Halls.
 26132 | Orc:2    | Found a roughly hewn altar of Beogh.
 26372 | Orc:2    | Mangled by an orc knight

Illustrated notes

Levels and vault maps discovered:
D:1:      arrival_zaba_pyramid, layout_basic
D:2:      layout_basic, amcnicky_mini_pool_small, uniq_robin
D:3:      layout_loops_cross
D:4:      layout_basic, gammafunk_temple_overflow_pools,
          minmay_temple_entry_offerings, minmay_divided_ellipse
D:5:      lemuel_upstairs_altar, layout_loops_ring, fedhas_altar_fruit_tree,
          uniq_prince_ribbit1, uniq_grinder
D:6:      layout_cave_pods, vehumet_statue, serial_shops, shop,
          minmay_manual_monstrance
D:7:      layout_loops_ring, serial_shops, shop, minivault_24,
          uniq_crazy_yiuf_cottage, uniq_harold
D:8:      layout_basic, lemuel_blue_sif_altar, uniq_joseph
D:9:      layout_irregular_city, minmay_mirror_moons_of_madness, uniq_grum,
          uniq_maggie
D:10:     minmay_razor_zed, layout_loops_ring
D:11:     layout_roguey, lair_entry_dummy, serial_shops, kennysheep_mini,
          kennysheep_little_box, shop, shop, nicolae_shop_stone,
          gauntlet_entry_generic, minmay_misc_feat_alley
D:12:     layout_stronghold, kennysheep_orc_monster_closet_entryway,
          minmay_misc_feat_ornament, minivault_8, uniq_nergalle, uniq_urug
Temple:   eino_narrow_crystal_temple
Lair:1:   layout_chaotic_city
Lair:2:   layout_chaotic_city, serial_forest, infiniplex_forest_lined_corner,
          infiniplex_forest_end_3, infiniplex_forest_end_3,
          infiniplex_forest_lined_room_2, infiniplex_forest_clump_double,
          hangedman_lair_generics_rect, serial_bayou_shore_a
Lair:3:   layout_misc_corridors, infiniplex_staircase_pool_2,
          grunt_megastairs_3, minmay_lair_oklob_chamber, serial_bayou_shore_b
Lair:4:   layout_long_grid, elwin_shoals_entry_rooms,
          spider_nest_entry_funnel_web, portal_ice_cave_demonic_guard,
          patterned_corridor, infiniplex_staircase_pool
Lair:5:   layout_gridlike
Lair:6:   cheibrodos_lair_end_hotspot, layout_gridlike, slime_altar_2
Orc:1:    layout_caves
Orc:2:    grunt_orc_tribal_feast, layout_diamond_mine, basic_altar

Skill      XL: |  1  2  3  4  5  6  7  8  9 10 11 12 13 14 |
---------------+-------------------------------------------+-----
Dodging        | 2 3 4 5 6 |  6.3
Transmutations | 3 5 6 8 10 11 12 13 | 13.6
Fighting       | 2 3 5 6 7 8 |  8.3
Unarmed Combat | 5 7 8 10 11 12 | 12.0
Invocations    | 2 4 6 7 8 |  8.6
Summonings     | 2 |  2.8
Spellcasting   | 4 5 6 7 |  7.4
Shields        | 3 4 |  4.0
Poison Magic   | 1 5 7 |  7.8
Slings         | 3 5 6 |  6.2
Evocations     | 3 4 |  4.4
Conjurations   | 3 |  3.3
Fire Magic     | 3 |  3.1

Action                   |  1- 3 |  4- 6 |  7- 9 | 10-12 | 13-15 || total
-------------------------+-------+-------+-------+-------+-------++-------
Melee: Unarmed           |   103 |   144 |   274 |   432 |   476 ||  1429
       Kick              |    22 |    29 |    21 |       |       ||    72
       Tailslap          |     8 |    10 |    24 |    51 |    66 ||   159
       Headbutt          |    13 |    18 |    14 |       |       ||    45
       Punch             |       |     1 |     3 |    15 |    29 ||    48
 Fire: Hunting sling     |       |       |       |    25 |    80 ||   105
 Cast: Beastly Appendage |    28 |    20 |    11 |     2 |     1 ||    62
       Wereblood         |     1 |     2 |     7 |    16 |    13 ||    39
       Blade Hands       |       |       |    30 |    75 |    74 ||   179
       Summon Small Mamm |       |       |     1 |       |       ||     1
       Animate Skeleton  |       |       |       |     3 |     8 ||    11
       Blink             |       |       |       |     1 |    10 ||    11
       Mephitic Cloud    |       |       |       |     1 |     1 ||     2
       Apportation       |       |       |       |       |     2 ||     2
Invok: Lesser Servant of |       |       |       |     6 |     5 ||    11
       Minor Destruction |       |       |       |     8 |     6 ||    14
 Abil: Breathe Noxious F |       |       |     1 |     7 |     7 ||    15
       End Transformatio |       |       |       |     3 |       ||     3
Evoke: Wand              |       |       |       |     4 |    27 ||    31
  Use: Potion            |       |     1 |     2 |     5 |     2 ||    10
       Scroll            |       |    17 |     2 |    13 |     5 ||    37
 Stab: Sleeping          |     1 |       |       |       |       ||     1
       Confused          |       |       |       |     3 |     3 ||     6
       Distracted        |       |       |       |     1 |       ||     1
Armor: Skin              |    27 |    67 |   130 |   143 |   220 ||   587
Dodge: Dodged            |    76 |   115 |   194 |   298 |   448 ||  1131
Block: Buckler           |       |       |       |    17 |    46 ||    63
